 Dungeon Crawl Stone Soup version 0.17-a0-877-ga10078a (console) character file.

761 hyperkellhus the Grappler (level 7, -4/59 HPs)
             Began as a Ghoul Enchanter on Apr 30, 2015.
             Slain by an orc warrior
             ... wielding a +0 trident
              (11 damage)
             ... on level 6 of the Dungeon.
             The game lasted 00:14:45 (6214 turns).

hyperkellhus the Grappler (Ghoul Enchanter)         Turns: 6214, Time: 00:14:45

Health: -4/59      AC:  5    Str: 14    XL:     7   Next: 80%
Magic:  8/8        EV: 12    Int: 10    God:
Gold:   229        SH:  0    Dex:  9    Spells: 0 memorised, 9 levels left

rFire  . . .     SeeInvis .       - Unarmed
rCold  + . .     Clarity  .     b - +1 robe
rNeg   + + +     SustAb   .     (no shield)
rPois  ∞         Gourm    .     (no helmet)
rElec  .         Spirit   .     y - +1 cloak
rCorr  .         Warding  .     (no gloves)
rMut   .         Stasis   .     (no boots)
MR     .....                    (no amulet)
Stlth  ++........               (no ring)
                                (no ring)

@: rotting, not resistant to hostile enchantments, unstealthy
A: rotting body, claws 1, carnivore 3, cold resistance 1, negative energy
resistance 3, slow healing 1, torment resistance, unbreathing
a: no special abilities


You were on level 6 of the Dungeon.
You were not hungry.

You visited 1 branch of the dungeon, and saw 6 of its levels.

You collected 229 gold pieces.

Inventory:

Hand weapons
 a - a +1 dagger
 z - a +1 trident of venom
Missiles
 p - 11 poisoned needles
Armour
 b - a +1 robe (worn)
 w - a +0 plate armour
 y - a +1 cloak (worn)
Magical devices
 x - a wand of slowing (5)
 C - a wand of digging (19)
 E - a wand of flame (33)
Scrolls
 g - 2 scrolls of remove curse
 h - a scroll of blinking
 q - a scroll of noise
 u - 3 scrolls of immolation
 D - a scroll of vulnerability {unknown}
Potions
 j - 2 potions of lignification
 k - a potion of mutation
 s - 3 potions of curing
 t - a potion of cancellation
 v - a potion of cure mutation {unknown}
 A - a potion of beneficial mutation {unknown}
 B - a potion of haste {unknown}
Books
 c - a book of Maledictions

   Spells                             Type                      Level
   a - Corona                         Hexes                        1
   b - Ensorcelled Hibernation        Hexes/Ice                    2
   c - Confuse                        Hexes                        3
   d - Tukima's Dance                 Hexes                        3
   e - Dazzling Spray                 Conjuration/Hexes            3
Comestibles
 d - 2 meat rations
 r - a beef jerky


   Skills:
 - Level 4.0 Fighting
 - Level 0.8 Short Blades
 - Level 1.7 Dodging
 - Level 3.2 Stealth
 + Level 8.0 Unarmed Combat
 - Level 1.7 Spellcasting
   Level 2.4 Hexes


You had 9 spell levels left.
You didn't know any spells.

Dungeon Overview and Level Annotations

Branches:
Dungeon (6/15)
 Temple: D:4-7

Altars:
Okawaru
Qazlal
Ru
Sif Muna
Vehumet
Xom

Annotations:
D:3 ImmaFairy's ghost, average FoFi


Innate Abilities, Weirdness & Mutations

Your body is rotting away.
You thrive on raw meat.
You are immune to poison.
You have sharp fingernails.
You are carnivorous and can eat meat at any time.
Your flesh is cold resistant.
You are immune to negative energy.
You heal slowly when monsters are visible.
You are immune to unholy pain and torment.
You can survive without breathing.


Message History

You barely miss the orc warrior.
The orc warrior is moderately wounded.
You claw the orc warrior!
The orc warrior is severely wounded.
The orc warrior misses you.
You closely miss the orc warrior.
The orc warrior is severely wounded.
You scratch the orc warrior.
The orc warrior is severely wounded.
The orc warrior hits you with a trident!!
* * * LOW HITPOINT WARNING * * *
You barely miss the orc warrior.
The orc warrior is severely wounded.
Press: ? - help, v - describe, . - travel
Here: an orc warrior, wielding a trident and wearing a plate armour (almost dead, slow, bleeding)
The floor, spattered with blood.
You scratch the orc warrior.
The orc warrior is almost dead.
The orc warrior hits you with a trident!
You die...

# ########## ##..#
#........# ...#
#........# ####
#.........# ##
#.......@o# .##
#.........#####
..#####............)..#
#....................##
#%.)..............#...#
.#..........>.....##...#
..................(..###
............##......##
.....................#


You could see an orc warrior (bleeding).

Vanquished Creatures
  2 centaurs (D:5)
  Blork the orc (D:5)
  A scorpion (D:5)
  A crimson imp (D:5)
  A centaur skeleton (D:4)
  2 hounds
  A jelly (D:4)
  2 orc wizards
  A worker ant (D:5)
  4 gnolls
  8 adders
  5 worms
  7 giant geckos
  8 orcs
  A ball python (D:2)
  9 giant cockroaches
  17 goblins
  10 hobgoblins
  12 kobolds
  15 bats
  7 giant newts
  5 jackals
  2 jackal zombies
  8 rats
130 creatures vanquished.

Notes
Turn   | Place    | Note
--------------------------------------------------------------
     0 | D:1      | hyperkellhus, the Ghoul Enchanter, began the quest for the Orb.
     0 | D:1      | Reached XP level 1. HP: 14/14 MP: 2/2
    36 | D:1      | Reached skill level 1 in Unarmed Combat
    83 | D:1      | Reached XP level 2. HP: 11/20 MP: 3/3
   783 | D:1      | Reached XP level 3. HP: 24/26 MP: 4/4
  1266 | D:2      | Found a stormy altar of Qazlal.
  1570 | D:2      | Found a deep blue altar of Sif Muna.
  1571 | D:2      | Found an iron altar of Okawaru.
  1586 | D:2      | Found a sacrificial altar of Ru.
  1697 | D:2      | Reached XP level 4. HP: 33/33 MP: 5/5
  1771 | D:2      | Reached skill level 4 in Unarmed Combat
  2027 | D:3      | Noticed ImmaFairy's ghost (average FoFi)
  2479 | D:3      | Reached skill level 5 in Unarmed Combat
  2479 | D:3      | Reached XP level 5. HP: 36/38 MP: 6/6
  3486 | D:3      | Reached skill level 6 in Unarmed Combat
  3613 | D:4      | Found a stormy altar of Qazlal.
  3651 | D:4      | Reached XP level 6. HP: 43/45 MP: 7/7
  3781 | D:4      | Found a shimmering altar of Xom.
  3847 | D:4      | Found a radiant altar of Vehumet.
  4382 | D:5      | Entered Level 5 of the Dungeon
  4514 | D:5      | Noticed Blork the orc
  4540 | D:5      | Killed Blork the orc
  4540 | D:5      | Reached skill level 7 in Unarmed Combat
  4781 | D:5      | You fall through a shaft!
  5022 | D:5      | Reached XP level 7. HP: 15/50 MP: 8/8
  5030 | D:5      | Got an amethyst-encrusted ring mail
  5326 | D:4      | Identified the cursed +0 ring mail of Untruth {rPois MR- Str+7} (You found it on level 5 of the Dungeon)
  5403 | D:5      | Reached skill level 8 in Unarmed Combat
  5672 | D:5      | Reached skill level 1 in Fighting
  6214 | D:6      | Slain by an orc warrior

Action                   |  1- 3 |  4- 6 |  7- 9 || total
-------------------------+-------+-------+-------++-------
Melee: Unarmed           |   189 |   299 |    82 ||   570
Evoke: Wand              |       |     2 |     5 ||     7
  Use: Scroll            |       |       |    13 ||    13
 Stab: Sleeping          |     5 |     3 |       ||     8
  Eat: Chunk             |    25 |    36 |    16 ||    77
